 Dungeon Crawl Stone Soup version 0.29.1-12-g30fa7ad0bf (webtiles) character file.

Game seed: 15463980203289515295

158 KittyFluff the Cudgeller (level 5, -3/49 HPs)
             Began as a Gargoyle Berserker on Jan 13, 2023.
             Was a Believer of Trog.
             Killed from afar by a white imp (9 damage)
             ... with a puff of frost
             ... summoned by Natasha
             ... on level 3 of the Dungeon.
             The game lasted 00:11:23 (2420 turns).

KittyFluff the Cudgeller (Gargoyle Berserker)       Turns: 2420, Time: 00:11:24

Health: -3/49      AC:  7    Str: 20    XL:     5   Next: 40%
Magic:  5/5        EV: 12    Int:  8    God:    Trog [**....]
Gold:   157        SH:  0    Dex: 11    Spells: 4/4 levels left

rFire   . . .      SeeInvis .   a - +0 mace
rCold   . . .      Faith    .   (no shield)
rNeg    + . .      Spirit   .   e - +0 leather armour
rPois   ∞          Reflect  .   (no helmet)
rElec   +          Harm     .   (no cloak)
rCorr   .          Rampage  .   (no gloves)
Will    .....                   (no boots)
Stlth   ..........              r - amulet of the acrobat
HPRegen 0.16/turn               (no ring)
MPRegen 0.09/turn               (no ring)

@: berserking, slowed
A: sickness immunity, AC +4, negative energy resistance 1, electricity
resistance, torment resistance 1, petrification resistance
a: Renounce Religion, Berserk, Trog's Hand


You were on level 3 of the Dungeon.
You worshipped Trog.
Trog was pleased with you.
You visited 1 branch of the dungeon, and saw 3 of its levels.

You collected 157 gold pieces.

Inventory:

Hand Weapons
 a - a +0 mace (weapon)
 s - a +0 sling
Missiles
 b - 10 stones (quivered)
Armour
 e - a +0 leather armour (worn)
 t - a +0 scale mail
Jewellery
 c - an amulet of guardian spirit
 r - an amulet of the acrobat (around neck)
 A - a ring of fire
Wands
 l - a wand of paralysis (4)
Scrolls
 g - 2 scrolls of fear
 h - a scroll of amnesia {unknown}
 i - a scroll of magic mapping {unknown}
 j - a scroll of poison {unknown}
 m - 2 scrolls of enchant weapon {unknown}
 p - a scroll of immolation {unknown}
 u - 2 scrolls of teleportation {unknown}
 x - a scroll of blinking
Potions
 d - a potion of invisibility
 f - a potion of cancellation
 k - 3 potions of curing
 n - a potion of resistance {unknown}
 o - 3 potions of flight {unknown}
 q - 2 potions of attraction {unknown}
 v - a potion of lignification
 w - a potion of might
 z - a potion of heal wounds


   Skills:
 + Level 4.0 Fighting
 * Level 4.2 Maces & Flails
 * Level 3.9 Armour
 + Level 2.2 Dodging


You had 4 spell levels left.
You didn't know any spells.
Your spell library was empty.

Dungeon Overview and Level Annotations

Branches:
Dungeon (3/15)

Altars:

Shops:
D:1 *

Annotations:
D:3 Natasha


Innate Abilities, Weirdness & Mutations

You are immune to sickness and miasma.
Your stone body is resilient. (AC +4)
You are immune to poison.
You resist negative energy. (rN+)
You are resistant to electric shocks. (rElec)
You are resistant to unholy torment.
You are immune to petrification.


Message History

You feel yourself slow down.
You sock the dart slug!
The dart slug is almost dead.
The dart slug barely misses you.
Natasha drinks a potion.
Natasha flickers and vanishes!
Deactivating autopickup; reactivate with Ctrl-A.
The dart slug launches a dart at you. The slug dart misses you.
You hit the dart slug.
You kill the dart slug!
Trog accepts your kill.
You hear some strange, mumbled words.
You sock something! Something claws you. The white imp gestures at you.
The puff of frost hits you but does no damage.
You hear some strange, mumbled words.
You barely miss something. Something claws you but does no damage.
The white imp barely misses you. Something claws you.
You miss something. The white imp gestures at you.
The puff of frost misses you. Something claws you. The shadow imp hits you.
The white imp gestures at you. The puff of frost hits you. Something claws you!
* * * LOW HITPOINT WARNING * * *
You hit something but do no damage. The shadow imp barely misses you.
The white imp hits you but does no damage.
Something claws you but does no damage. The shadow imp closely misses you.
The white imp closely misses you. Something claws you but does no damage.
A red film seems to cover your vision as you go berserk!
You feel yourself moving faster!
You feel mighty! The shadow imp closely misses you. The white imp hits you.
* * * LOW HITPOINT WARNING * * *
The white imp freezes you.
* * * LOW HITPOINT WARNING * * *
Something claws you but does no damage.
You barely miss something.
The shadow imp hits you but does no damage.
The white imp gestures at you. The puff of frost hits you!
You die...

#..#.#.#.#......
#######.............##
##.....#..#.#.#.#....##
#......................
#[........#.#.#.#....##
#....................##
#...........>#.##....##
#....5..####...##....##
#....5@.# #.###.......
#....{..# #.# #.#†#.#.
#......... .# #.......
#....#.#.#.. #.#.#.#.
#.............#........
#....#.#.#.......#.#.#.
................#.......
#.#...#.#.#.......#.#.#.
...##.......


You could see a white imp (summoned) and a shadow imp (summoned).

Vanquished Creatures
  Natasha (twice) (D:3)
  2 adders
  2 worms (D:2)
  2 dart slugs
  8 ball pythons
  7 bats
  10 endoplasms
  5 giant cockroaches
  7 goblins
  8 hobgoblins
  6 kobolds
  2 quokkas (D:3)
  8 frilled lizards
  4 rats
73 creatures vanquished.

Notes
Turn   | Place    | Note
-------+----------+-------------------------------------------
     0 | D:1      | KittyFluff the Gargoyle Berserker began the quest for the
                  | Orb.
     0 | D:1      | Reached XP level 1. HP: 14/14 MP: 1/1
    99 | D:1      | Reached XP level 2. HP: 19/19 MP: 2/2
   260 | D:1      | Found a faded altar of an unknown god.
   283 | D:1      | Found Ettaah's General Store.
   312 | D:1      | Reached XP level 3. HP: 20/23 MP: 3/3
   808 | D:2      | Reached ** piety under Trog
   979 | D:2      | Reached XP level 4. HP: 4/29 MP: 0/4
  1857 | D:3      | Noticed Natasha
  1864 | D:3      | Killed Natasha
  1865 | D:3      | Reached XP level 5. HP: 22/33 MP: 5/5
  2039 | D:3      | Noticed Natasha
  2052 | D:3      | Killed Natasha
  2410 | D:3      | Noticed Natasha
  2420 | D:3      | Killed from afar by a white imp

Illustrated notes

Levels and vault maps discovered:
D:1:      zaba_arrival_water, layout_rooms,
          hellmonk_ecumenical_altar_arch_garden, serial_shops,
          nicolae_shop_trees, minmay_misc_feat_cross, minmay_tripent
D:2:      minmay_razor_zed, layout_basic
D:3:      layout_basic, serial_glass, glass_columns_a, glass_columns_a,
          glass_columns_c, glass_columns_a, glass_columns_a, glass_columns_b,
          glass_columns_a, glass_columns_c, glass_columns_a, glass_columns_b,
          glass_columns_c, glass_columns_a, glass_columns_c, glass_columns_b,
          uniq_natasha

Skill      XL: |  1  2  3  4  5 |
---------------+----------------+-----
Armour         | 3 |  3.9
Dodging        | 2 |  2.2
Maces & Flails | 4 |  4.2
Fighting       | 4 |  4.0

Action                   |  1- 3 |  4- 6 || total
-------------------------+-------+-------++-------
Melee: Mace              |   111 |   119 ||   230
       Punch             |     1 |     1 ||     2
Throw: Stone             |     8 |     6 ||    14
Invok: Berserk           |     1 |     2 ||     3
  Use: Scroll            |     3 |     3 ||     6
Armor: Animal skin       |     7 |       ||     7
       Leather armour    |    38 |    66 ||   104
Dodge: Dodged            |    67 |   100 ||   167
